 Dungeon Crawl Stone Soup version 0.32-a0-913-g739538afd8 (webtiles) character file.

Game seed: 1818676770606093941

116 Winter the Covered (level 4, -2/40 HPs)
             Began as a Mountain Dwarf Fighter on Apr 8, 2024.
             Killed by divine providence
             ... invoked by an orc priest
              (12 damage)
             ... on level 3 of the Dungeon.
             The game lasted 00:04:50 (1888 turns).

Winter the Covered (Mountain Dwarf Fighter)         Turns: 1888, Time: 00:04:51

Health: -2/40      AC: 10    Str: 20    XL:     4   Next: 70%
Magic:  4/4        EV:  6    Int:  9    God:
Gold:   89         SH:  4    Dex:  9    Spells: 3/3 levels left

rFire   . . .        h - +0 flail (holy)
rCold   . . .        c - +0 buckler
rNeg    . . .        k - +0 chain mail
rPois   .            (no helmet)
rElec   .            (no cloak)
rCorr   .            (no gloves)
SInv    .            f - +0 pair of boots
Will    .....        (no amulet) Stlth
                     (no ring)
HPRegen 0.26/turn    (no ring)
MPRegen 0.09/turn

%: no passive effects
@: no status effects
A: runic magic, artefact enchanting
a: Convert to Beogh


You were on level 3 of the Dungeon.
You visited 1 branch of the dungeon, and saw 3 of its levels.

You collected 89 gold pieces.

Inventory:

Hand Weapons
 a - a +0 war axe
 h - a +0 flail of holy wrath (weapon)
Armour
 c - a +0 buckler (worn)
 f - a +0 pair of boots (worn)
 k - a +0 chain mail (worn)
Scrolls
 i - a scroll of identify {unknown}
 j - a scroll of blinking {unknown}
Potions
 d - a potion of might
 e - a potion of attraction {unknown}
 g - a potion of curing {unknown}


   Skills:
 + Level 3.9 Fighting
 + Level 3.8(4.0) Axes
 + Level 1.3(2.7) Maces & Flails
 + Level 4.1 Armour
 + Level 0.3 Dodging
 + Level 0.1 Stealth
 + Level 3.7 Shields


You had 3 spell levels left.
You didn't know any spells.
Your spell library contained the following spells:

 Spells                   Type           Power      Damage    Failure   Level
 Slow                     Hex            0%         N/A       63%         1
 Jinxbite                 Hex            0%         N/A       77%         2
 Confusing Touch          Hex            0%         N/A       94%         3
 Vampiric Draining        Necr           0%         2d6       94%         3
 Yara's Violent Unravell  Hex/Alch       0%         3d3       100%        5
 Enfeeble                 Hex            0%         N/A       100%        7


Dungeon Overview and Level Annotations

Branches:
Dungeon (3/15)

Altars:


Innate Abilities, Weirdness & Mutations

Your spellcasting is much less encumbered by armour.
You can use scrolls of enchantment on lesser artefacts.


Message History

You see here a book of Debilitation.
Unknown command.
Okay, then.
The orc shouts!
You hear a shout! x2
The orc throws a boomerang.
The boomerang hits you but does no damage.
There is an escape hatch in the floor here.
The orc throws a boomerang.
The boomerang closely misses you.
An orc priest comes into view. It is wielding a +0 trident.
The orc hits you but does no damage.
An orc comes into view. It is wielding a +0 whip.
You barely miss the orc.
The orc shouts!
The orc hits you but does no damage.
You barely miss the orc. The orc hits you with a +0 hand axe.
The orc priest invokes the aid of Beogh against you.
Beogh smites you!
An orc comes into view. It is wielding a +0 whip.
The orc barely misses you.
You hit the orc but do no damage. The orc barely misses you.
The orc priest threatens, "Beogh's wrath is as vast as their mercy.
Make your choice!" (press Y on the ability menu to convert to Beogh) Unknown command.
An orc comes into view. It is wielding a +0 dagger.
You hit the orc but do no damage.
The orc priest shouts, "Beogh offers mercy even to people such as you.
Join us and be reborn!"
The orc priest barely misses you. You block the orc's attack.
The orc jeers repeatedly.
A ball python comes into view.
You barely miss the orc.
The ball python hisses angrily.
The orc closely misses you.
The orc priest invokes the aid of Beogh against you.
Beogh smites you!
* * * LOW HITPOINT WARNING * * *
The orc hits you but does no damage.
The orc priest mumbles some strange prayers to Beogh against you.
Beogh smites you!
You die...

... .......# ##.##
#...#
#...######[[.#
#.........#.## #
#...#.:..#..# #.#
#..>..###.## S.
##.#..## ##.##
#.##.#o...##
##.#####
#...oo@....#
#.###...
####.#.o###.#
#.#...... #.o....
..#.##.##...
.o....### #.#
#<##### ####...#
### #.#
#...#########.#####
#.............(..##
#....####).##.##.##
........†##....##


You could see an orc priest, 4 orcs and a ball python.

Vanquished Creatures
  Terence (D:2)
  3 adders
  3 dart slugs
  A ribbon worm (D:3)
  6 bats
  7 endoplasms
  2 giant cockroaches (D:1)
  5 goblins
  3 jackals (D:2)
  5 quokkas
  3 ball pythons (D:2)
  5 frilled lizards
  8 kobolds
  6 rats
58 creatures vanquished.

Notes
Turn   | Place    | Note
-------+----------+-------------------------------------------
     0 | D:1      | Winter the Mountain Dwarf Fighter began the quest for the
                  | Orb.
     0 | D:1      | Reached XP level 1. HP: 19/19 MP: 1/1
   129 | D:1      | Reached XP level 2. HP: 26/26 MP: 2/2
   361 | D:1      | Found a faded altar of an unknown god.
   711 | D:2      | Identified the +5 sling "Restrim" {freeze, rPois rN+ rCorr}
   816 | D:2      | Reached XP level 3. HP: 33/33 MP: 3/3
   925 | D:2      | Noticed Terence
   943 | D:2      | Killed Terence
   944 | D:2      | Reached XP level 4. HP: 7/40 MP: 4/4
  1102 | D:2      | Reached skill level 4 in Armour
  1746 | D:3      | Reached skill level 1 in Maces & Flails
  1888 | D:3      | Killed from afar by an orc priest

Illustrated notes

Levels and vault maps discovered:
D:1:      spicycebolla_arrival_clurvy, layout_loops_ring,
          dilly_ecumenical_altar_fadedgnrine
D:2:      layout_loops_ring, uniq_terence
D:3:      layout_loops_cross, minivault_23, uniq_crazy_yiuf_cottage

Skill      XL: |  1  2  3  4 |
---------------+-------------+-----
Axes           | 3 |  3.8
Armour         | 4 |  4.1
Maces & Flails | 1 |  1.3
Fighting       | |  3.9
Dodging        | |  0.3
Stealth        | |  0.1
Shields        | |  3.7

Action                     |  1- 3 |  4- 6 || total
---------------------------+-------+-------++-------
  Melee: War axe           |   117 |       ||   117
         Flail             |       |    74 ||    74
 Armour: Scale mail        |    93 |    79 ||   172
         Chain mail        |       |     5 ||     5
  Dodge: Dodged            |    52 |    45 ||    97
  Block: Buckler           |    25 |    14 ||    39

Table legend: (Time is in decaauts)
 A = Elapsed time spent in this place.
 B = Non-inter-level travel time spent in this place.
 C = Inter-level travel time spent in this place.
 D = Time resting spent in this place.
 E = Time spent auto-exploring this place.
 F = Levels seen in this place.
 G = Mean time per level.
                   A        B        C        D        E       F      G
               +--------+--------+--------+--------+--------+-----+--------+
         Total |   1956 |   1801 |    155 |      0 |   1319 |   3 |  652.0 |
       Dungeon |   1956 |   1801 |    155 |      0 |   1319 |   3 |  652.0 |
               +--------+--------+--------+--------+--------+-----+--------+

Top non-repeatable levels by time:
     D:2: 1063 daAuts
     D:1: 707 daAuts
     D:3: 185 daAuts
